 Dungeon Crawl Stone Soup version 0.29.0-13-gc9e81de378 (webtiles) character file.

Game seed: 13130971860868350630

86 Ofeo the Covered (level 4, -2/41 HPs)
             Began as a Minotaur Fighter on Sept 11, 2022.
             Slain by an orc
             ... wielding a +0 flail
              (4 damage)
             ... on level 4 of the Dungeon.
             The game lasted 00:00:58 (932 turns).

Ofeo the Covered (Minotaur Fighter)                  Turns: 932, Time: 00:00:59

Health: -2/41      AC: -4    Str: 23    XL:     4   Next: 27%
Magic:  3/3        EV:  9    Int:  5    God:
Gold:   11         SH:  4    Dex:  9    Spells: 3/3 levels left

rFire   . . .      SeeInvis .   i - +1 hand axe (flame)
rCold   . . .      Faith    .   c - +0 buckler
rNeg    . . .      Spirit   .   b - +0 scale mail
rPois   .          Reflect  .   (helmet restricted)
rElec   .          Harm     .   (no cloak)
rCorr   .          Rampage  .   (no gloves)
Will    .....                   (no boots)
Stlth   ..........              (no amulet)
HPRegen 0.13/turn               (no ring)
MPRegen 0.08/turn               (no ring)

@: corroded
A: horns 2, retaliatory headbutt
a: no special abilities


You were on level 4 of the Dungeon.
You visited 1 branch of the dungeon, and saw 4 of its levels.

You collected 11 gold pieces.

Inventory:

Hand Weapons
 a - a +0 war axe
 i - a +1 hand axe of flaming (weapon)
Armour
 b - a +0 scale mail (worn)
 c - a +0 buckler (worn)


   Skills:
 + Level 4.4 Fighting
 + Level 3.4 Axes
 + Level 4.4 Armour
 + Level 4.4 Shields


You had 3 spell levels left.
You didn't know any spells.
Your spell library was empty.

Dungeon Overview and Level Annotations

Branches:
Dungeon (4/15)
 Temple: D:4-7

Altars:


Innate Abilities, Weirdness & Mutations

You have a pair of horns on your head.
You reflexively headbutt those who attack you in melee.


Message History

You take 10 damage, and have 5/33 hp.
MASSIVE DAMAGE!!
You hit the jelly but do no damage. The acid corrodes you!
Your hands burn!
* * * LOW HITPOINT WARNING * * *
The jelly is almost dead.
You block the jelly's attack.
You take 1 damage, and have 4/33 hp.
Unknown command.
You slash the jelly! You burn the jelly.
You kill the jelly!
You have reached level 4!
You feel stronger.
You regained 2 hp, and now have 6/41 hp.
MP restored: 3 You aren't carrying any potions.
You don't know any spells.
You aren't carrying any scrolls.
Sorry, you're not good enough to have a special ability.
An endoplasm comes into view.
The endoplasm quivers.
You hit the hound zombie but do no damage.
The hound zombie bites you.
* * * LOW HITPOINT WARNING * * *
The orc wizard casts a spell at you. You resist with some effort.
The hound zombie bites you.
* * * LOW HITPOINT WARNING * * *
You take 5 damage, and have 1/41 hp.
You hit the hound zombie. You burn the hound zombie.
The hound zombie is moderately damaged.
The hound zombie completely misses you.
You hit the hound zombie. You burn the hound zombie.
You headbutt the hound zombie, but do no damage.
The hound zombie is moderately damaged.
The hound zombie closely misses you.
An adder zombie comes into view.
You hit the hound zombie but do no damage.
The hound zombie is moderately damaged.
You hit the orc. You burn the orc. You block the hound zombie's attack.
The orc hits you with a +0 flail.
You die...

##### ## #...#############
... #...........#...# ####
....#...........#...# #....
..........@o....#...##.....
..........Z.....#...#......
.............J$.#..........
................#..<.......
..:..........)o.†...#......
................#...# .....
................#..........
.....#.###.####.Z.##.......
....... #.# ....# .......


You could see an orc wizard, an orc, an adder zombie, a hound zombie and an
endoplasm.

Vanquished Creatures
  A jelly (D:4)
  Natasha (D:3)
  An adder zombie (D:4)
  A dart slug (D:3)
  4 orcs
  A ball python (D:3)
  2 bats
  An endoplasm (D:4)
  A goblin (D:1)
  A hobgoblin (D:4)
  4 jackals (D:4)
  2 kobolds
  A quokka zombie (D:4)
21 creatures vanquished.

Vanquished Creatures (others)
  A withered plant (D:4)
1 creature vanquished.

Grand Total: 22 creatures vanquished

Notes
Turn   | Place    | Note
-------+----------+-------------------------------------------
     0 | D:1      | Ofeo the Minotaur Fighter began the quest for the Orb.
     0 | D:1      | Reached XP level 1. HP: 19/19 MP: 0/0
   206 | D:3      | Reached XP level 2. HP: 27/27 MP: 1/1
   387 | D:3      | Noticed Natasha
   395 | D:3      | Killed Natasha
   396 | D:3      | Reached XP level 3. HP: 6/33 MP: 2/2
   926 | D:4      | Reached XP level 4. HP: 6/41 MP: 3/3
   929 | D:4      | HP: 1/41 [hound zombie (4)]
   932 | D:4      | Slain by an orc

Illustrated notes

Levels and vault maps discovered:
D:1:      psy_arrival_heroes, layout_basic, nicolae_kite_square_tiling_tiny
D:2:      layout_basic, shapermc_ecumenical_altar_notcrosses, basic_altar
D:3:      layout_basic, dreamdust_princess_corridor, uniq_natasha
D:4:      layout_rooms, serial_undead, serial_undead_a, serial_undead_e,
          serial_undead_b, serial_undead_b, serial_undead_f, serial_undead_c,
          uniq_blork_the_orc

Skill      XL: |  1  2 |
---------------+-------+-----
Fighting       | 4 |  4.4
Axes           | 3 |  3.4
Armour         | 4 |  4.4
Shields        | 4 |  4.4

Action                   |  1- 3 |  4- 6 || total
-------------------------+-------+-------++-------
Melee: War axe           |    40 |       ||    40
       Headbutt          |     5 |     1 ||     6
       Hand axe          |     5 |     4 ||     9
  Use: Potion            |     4 |       ||     4
       Scroll            |     2 |       ||     2
Armor: Scale mail        |    16 |       ||    16
Dodge: Dodged            |    20 |     2 ||    22
Block: Buckler           |     7 |     1 ||     8
